 Dungeon Sprint DCSS version 0.27-a0-906-g0a00ce863d (webtiles) character file.

Game seed: 10621422333486586968

22800000 sentinel the Ninja (level 27, -49/134 (149) HPs)
             Began as a Felid Warper on Apr 7, 2021.
             Was the Champion of Makhleb.
             Killed from afar by a wretched soul (74 damage)
             ... with a bolt of negative energy
             ... in the Dungeon (Sprint VIII: "Arena of Blood").
             The game lasted 00:20:10 (228 turns).

sentinel the Ninja (Felid Warper)                    Turns: 228, Time: 00:20:11

HP:   -49/134 (149) AC:  3    Str:  7    XL:     27
MP:   3/55          EV: 47    Int: 19    God:    Makhleb [******]
Gold: 0             SH:  0    Dex: 24    Spells: 75/80 levels left
                                        Lives: 0   Deaths: 8

rFire    . . .     SeeInvis +     - Unarmed
rCold    + . .     Faith    .   (shield unavailable)
rNeg     . . .     Spirit   .   (armour unavailable)
rPois    .         Reflect  .   (helmet unavailable)
rElec    .         Harm     .   (cloak unavailable)
rCorr    .         Rampage  .   (gloves unavailable)
Will     ++++.     NoTele   +   (boots unavailable)
Stlth    ++++......             (no amulet)
HPRegen  0.32/turn              j - +27000 ring of slaying
MPRegen  0.34/turn              (no ring)

@: lethally poisoned (-49 -> -101), slowed, heavily drained, slow
A: very small, claws 1, fangs 3, see invisible, speed 1, shaggy fur 3, stealthy
paws, no weapons or thrown items, no armour, multi-lived
0: Orb of Zot
a: Renounce Religion, Minor Destruction, Lesser Servant of Makhleb, Major
Destruction, Greater Servant of Makhleb


You were in the Dungeon.
You worshipped Makhleb.
Makhleb was exalted by your worship.
You visited 1 branch

Inventory:

Jewellery
 j - a +27000 ring of slaying (left paw)
Scrolls
 z - a scroll of blinking
Potions
 g - a potion of berserk rage
 q - a potion of curing
 w - a potion of heal wounds


   Skills:
 O Level 27 Fighting
 O Level 27 Dodging
 O Level 27 Stealth
 O Level 27 Unarmed Combat
 O Level 27 Spellcasting
 O Level 27 Conjurations
 O Level 27 Hexes
 O Level 27 Summonings
 O Level 27 Necromancy
 O Level 27 Translocations
 O Level 27 Transmutations
 O Level 27 Fire Magic
 O Level 27 Ice Magic
 O Level 27 Air Magic
 O Level 27 Earth Magic
 O Level 27 Poison Magic
 O Level 27 Invocations
 O Level 27 Evocations


You had 75 spell levels left.
You knew the following spells:

 Your Spells              Type           Power      Damage    Failure   Level
a - Manifold Assault      Tloc           91%        N/A       0%          5

Your spell library contained the following spells:

 Spells                   Type           Power      Damage    Failure   Level
 Blink                    Tloc           N/A        N/A       0%          2
 Gell's Gravitas          Tloc           45%        N/A       0%          3
 Lesser Beckoning         Tloc           45%        N/A       0%          3
 Teleport Other           Tloc           91%        N/A       0%          3


Dungeon Overview and Level Annotations

Branches:
Dungeon (1/1)

Altars:
Makhleb

Annotations:
D 1 exclusion, The Servant


Innate Abilities, Weirdness & Mutations

You have sharp claws.
You have razor-sharp teeth.
You have supernaturally acute eyesight. (SInv)
You cover ground quickly. (Speed+)
Your thick and shaggy fur keeps you warm. (AC +3, rC+)
Your stealthy paws help you sneak and pounce on unaware monsters.
You are incapable of wielding weapons or throwing items.
You cannot wear armour.
You gain extra lives every three experience levels.


Message History

You eviscerate the bag of meat!!!!!!!!!!
You kill the bag of meat!
Makhleb accepts your kill.
You eviscerate the observer!!!!!!!!!!!
You kill the observer!
Makhleb accepts your kill.
You eviscerate the observer!!!!!!!!!!!
You kill the observer!
Makhleb accepts your kill.
You eviscerate the destroyer!!!!!!!!
You destroy the destroyer!
Makhleb accepts your kill.
The fleshlord appears out of thin air!
A fleshlord comes into view. It is wielding a +9 great mace.
You hear a shout! x3
Some rock shatters into small pieces.
You hear a shout!
A bag of meat comes into view. It is wielding a +9 war axe.
A sea snake and a molten gargoyle come into view.
The vile is wielding a +0 vorpal mace.
Space momentarily warps into an impossible shape!
You eviscerate the fleshlord!!!!!!!!!!!!
You kill the fleshlord!
Makhleb accepts your kill.
You eviscerate the destroyer!!!!!!!!!!!!
You destroy the destroyer!
Makhleb accepts your kill.
You eviscerate the bag of meat!!!!!!!!
You kill the bag of meat!
Makhleb accepts your kill.
You eviscerate the wretched soul!!!!!!!!!!!!
You destroy the wretched soul!
Makhleb accepts your kill.
You hear a roar!
An observer comes into view.
You hear a shout!
The vile throws miasma at you. The foul vapour engulfs you!!!!
You are poisoned.
Ouch! That really hurt!
A tyrant comes into view.
A bag of meat comes into view. It is wielding a +9 war axe.
You hear a shout!
Space momentarily warps into an impossible shape!
The bag of meat shouts!
The observer turns its gaze towards you.
You eviscerate the bag of meat!!!!!!!!!!!
You kill the bag of meat!
Makhleb accepts your kill.
You eviscerate the scourge!!!!!!!!!!!
You kill the scourge!
Makhleb accepts your kill.
You eviscerate the scourge!!!!!!!!!!!!
You kill the scourge!
Makhleb accepts your kill.
You eviscerate the meat berserker!!!!!!!!!!!!
You kill the meat berserker!
Makhleb accepts your kill.
You feel better.
You are engulfed in dark miasma.
You are more poisoned.
You feel yourself slow down.
You feel very sick.
You hear a shout!
The observer gazes at you. Something smites you!
An observer comes into view.
A wretched soul comes into view.
You hear a shout!
Space momentarily warps into an impossible shape!
You eviscerate the observer!!!!!!!!!!!!
You kill the observer!
Makhleb accepts your kill.
You feel better.
You eviscerate the vile!!!!!!!!!!
You eviscerate the tentacled monstrosity!!!!!!!!!!!
You kill the tentacled monstrosity!
You eviscerate The Captor!!!!!!!!!!!
You kill The Captor!
Makhleb accepts your kill.
You feel better.
You are engulfed in dark miasma.
You are more poisoned.
You feel extremely sick.
You hear a shout! x2
A fleshlord comes into view. It is wielding a +9 great mace.
The tyrant casts a spell.
Space momentarily warps into an impossible shape!
You eviscerate the observer!!!!!!!!!!
You kill the observer!
Makhleb accepts your kill.
You feel better.
You eviscerate the vile!!!!!!!!!!!!
You destroy the vile!
Makhleb accepts your kill.
You eviscerate the wretched soul!!!!!!!!!
You destroy the wretched soul!
Makhleb accepts your kill.
You eviscerate the scourge!!!!!!!!!!
You kill the scourge!
Makhleb accepts your kill.
You are engulfed in dark miasma.
You are more poisoned.
You feel extremely sick.
You hear a shout!
An observer comes into view.
A wretched soul comes into view.
You hear a shout!
The tyrant gestures wildly while chanting.
You hear a shout! x3
Okay, then.
You swing at nothing.
You are engulfed in dark miasma.
You are more poisoned.
You feel extremely sick.
You hear an angry hiss.
You hear a shout!
Some rock shatters into small pieces.
Blink to where?
As you read the scroll of blinking, it crumbles to dust. 3 hydras, 2 molten gargoyles, 6 orcs, an ogre, 4 hell knights, a vampire knight and a phantom come into view.
The destroyer is wielding a +9 vorpal great sword.
The scourge appears out of thin air!
A scourge comes into view.
You feel extremely sick.
The destroyer shouts!
The bag of meat shouts! x2
The eight-headed meat hydra roars! x2; You hear an angry hiss.
The observer gazes at you. Something smites you!
You hear a shout!
A scourge comes into view.
You hear a shout! x3
The eight-headed meat hydra calls on the powers of darkness!
The eight-headed meat hydra convulses!
The fleshlord convulses!
The bag of meat convulses!
The eight-headed meat hydra convulses!
The eight-headed meat hydra roars!
The bag of meat convulses!
The fleshlord convulses!
The bag of meat convulses! x2
The meat berserker convulses!
The fleshlord convulses!
The bag of meat convulses!
The fleshlord convulses!
The scourge convulses!
The scourge hisses angrily.
The eight-headed meat hydra convulses!
The bag of meat convulses! x2
The bag of meat shouts!
Your body is wracked with pain!
The observer convulses!
The fleshlord convulses!
The bag of meat convulses!
The vile throws damnation at you.
The sphere of damnation explodes!
The damnation engulfs you!
The damnation engulfs the wretched soul!!
A bag of meat comes into view. It is wielding a +9 war axe.
You hear a shout! x2
The wretched soul breathes negative energy at you.
The bolt of negative energy hits the observer!!!!
The observer is drained!
The bolt of negative energy hits the wretched soul.
The wretched soul completely resists.
The bolt of negative energy hits you!!!!
You feel drained.
Ouch! That really hurt!
You die...

#################.#
####.†.).).=...†.°...#
#.†o.X...oWo..)..)....#
.X...))L))##p##.#.#.)...)..
XX...W...G...L).....)......
@XX####o....##)##..†)..)...
OS#..)).@.....).....p......
.o)#p)oo.))).)#o....).)X#XL
.))#....)..9))..@WGW))9###)
#.).#)....)........Oo.pS.
)..o#.)))))........).po.
.......))).....†)oD.p.o.
...W..)o)........o..Do..
).).))))#)).....#..Vpo..
.S#...)†#)S....)#.Do....
)..W.)###))...).###.....
)).opO†)..)###))....V...


You could see a tyrant (fast), 3 eight-headed meat hydras, a destroyer, an
observer (fast, invisible, drained), 2 scourges, 6 fleshlords, a large
abomination (summoned), a dread, 2 viles, 2 wretched souls, a meat berserker
(berserk) and 10 bags of meat.

Vanquished Creatures
  A molten gargoyle (D)
  Dispater (D)
  22 hell knights (D)
  Sigmund (D)
  19 hell beasts (D)
  Edmund (D)
  7 royal mummies (D)
  14 great orbs of eyes (D)
  22 wraiths (D)
  23 vampire knights (D)
  48 ogres (D)
  8 two-headed ogres (D)
  19 liches (D)
  14 hydras (D)
  96 orcs (D)
  21 phantoms (D)
  15 skeletal warriors (D)
  15 sea snakes (D)
347 creatures vanquished.

Vanquished Creatures (others)
  2 two-headed ogres (D)
  3 orcs (D)
  A sea snake (D)
6 creatures vanquished.

Grand Total: 353 creatures vanquished

Notes
Turn   | Place    | Note
-------+----------+-------------------------------------------
     0 | D        | sentinel the Felid Warper began the quest for the Orb.
     0 | D        | Reached XP level 1. HP: 9/9 MP: 4/4
     3 | D        | Noticed a bag of meat
     4 | D        | Became a worshipper of Makhleb the Destroyer
     4 | D        | Noticed a bag of meat
     8 | D        | Killed a bag of meat
     9 | D        | Reached skill level 27 in Stealth
     9 | D        | Reached XP level 2. HP: 13/13 MP: 6/6
     9 | D        | Reached XP level 3. HP: 16/16 MP: 7/7
     9 | D        | Reached XP level 4. HP: 19/19 MP: 8/8
     9 | D        | Reached XP level 5. HP: 22/22 MP: 9/9
     9 | D        | Gained mutation: You are covered in thick fur. (AC +2)
                  | [Felid growth]
     9 | D        | Reached XP level 6. HP: 26/26 MP: 10/10
     9 | D        | Reached XP level 7. HP: 30/30 MP: 11/11
     9 | D        | Reached XP level 8. HP: 33/33 MP: 12/12
     9 | D        | Reached XP level 9. HP: 36/36 MP: 13/13
     9 | D        | Reached XP level 10. HP: 40/40 MP: 14/14
     9 | D        | Reached XP level 11. HP: 43/43 MP: 15/15
     9 | D        | Noticed a meat berserker
     9 | D        | Noticed a bag of meat
     9 | D        | Noticed a bag of meat
    11 | D        | Noticed a bag of meat
    11 | D        | Noticed a bag of meat
    11 | D        | Noticed a bag of meat
    11 | D        | Noticed a meat berserker
    11 | D        | Noticed a bag of meat
    12 | D        | Noticed a bag of meat
    12 | D        | Noticed a bag of meat
    12 | D        | Noticed a bag of meat
    12 | D        | Noticed a bag of meat
    12 | D        | Noticed a bag of meat
    12 | D        | Noticed a meat berserker
    12 | D        | Noticed a meat berserker
    12 | D        | Noticed a meat berserker
    13 | D        | Noticed a meat berserker
    13 | D        | Noticed a bag of meat
    13 | D        | Noticed a bag of meat
    13 | D        | Noticed a bag of meat
    13 | D        | Noticed a bag of meat
    14 | D        | Slain by a meat berserker
    14 | D        | Noticed a bag of meat
    14 | D        | Noticed a bag of meat
    14 | D        | Noticed a bag of meat
    15 | D        | Reached XP level 10. HP: -1/40 MP: 14/14
    16 | D        | Noticed a bag of meat
    17 | D        | Noticed a meat berserker
    17 | D        | Noticed a meat berserker
    17 | D        | Noticed a meat berserker
    20 | D        | Noticed a destroyer
    22 | D        | Learned a level 5 spell: Manifold Assault
    22 | D        | Killed a meat berserker
    22 | D        | Reached * piety under Makhleb
    22 | D        | Noticed a meat berserker
    22 | D        | Noticed a meat berserker
    23 | D        | Reached XP level 11. HP: 66/66 MP: 15/15
    23 | D        | Gained mutation: Your thick and shaggy fur keeps you warm.
                  | (AC +3, rC+) [Felid growth]
    23 | D        | Reached XP level 12. HP: 70/70 MP: 16/16
    23 | D        | Reached XP level 13. HP: 74/74 MP: 17/17
    23 | D        | Killed a destroyer
    23 | D        | Killed a meat berserker
    23 | D        | Killed a meat berserker
    23 | D        | Reached ** piety under Makhleb
    24 | D        | Reached skill level 27 in Fighting
    24 | D        | Reached skill level 27 in Translocations
    24 | D        | Reached skill level 15 in Dodging
    24 | D        | Reached XP level 14. HP: 91/91 MP: 12/30
    24 | D        | Reached XP level 15. HP: 95/95 MP: 12/31
    24 | D        | Reached XP level 16. HP: 100/100 MP: 12/32
    24 | D        | Killed a meat berserker
    24 | D        | Reached *** piety under Makhleb
    24 | D        | Killed a meat berserker
    24 | D        | Noticed a large bag of meat
    24 | D        | Noticed a meat berserker
    25 | D        | Reached skill level 27 in Dodging
    25 | D        | Reached skill level 27 in Unarmed Combat
    25 | D        | Reached XP level 17. HP: 104/104 MP: 7/44
    25 | D        | Noticed a meat berserker
    28 | D        | Killed a large bag of meat
    28 | D        | Noticed a destroyer
    29 | D        | Reached XP level 18. HP: 74/109 MP: 7/49
    29 | D        | Noticed a meat berserker
    30 | D        | Killed a meat berserker
    30 | D        | Reached **** piety under Makhleb
    30 | D        | Killed a meat berserker
    31 | D        | Reached skill level 27 in Spellcasting
    31 | D        | Reached skill level 10 in Transmutations
    31 | D        | Reached skill level 10 in Evocations
    31 | D        | Reached XP level 19. HP: 113/113 MP: 3/51
    31 | D        | Killed a meat berserker
    31 | D        | Reached ***** piety under Makhleb
    32 | D        | Reached skill level 10 in Conjurations
    32 | D        | Reached skill level 15 in Hexes
    32 | D        | Reached skill level 10 in Fire Magic
    32 | D        | Reached skill level 10 in Ice Magic
    32 | D        | Reached skill level 10 in Air Magic
    32 | D        | Reached skill level 10 in Earth Magic
    32 | D        | Reached skill level 10 in Poison Magic
    34 | D        | Killed a meat berserker
    35 | D        | Reached XP level 20. HP: 118/118 MP: 3/52
    37 | D        | Noticed a destroyer
    37 | D        | Noticed an eight-headed meat hydra
    38 | D        | Killed a meat berserker
    39 | D        | Killed a meat berserker
    39 | D        | Noticed a destroyer
    40 | D        | Reached skill level 15 in Transmutations
    40 | D        | Reached skill level 15 in Evocations
    42 | D        | Noticed a destroyer
    44 | D        | Reached skill level 15 in Summonings
    44 | D        | Reached skill level 15 in Necromancy
    44 | D        | Reached skill level 15 in Invocations
    44 | D        | Reached XP level 21. HP: 122/122 MP: 5/53
    46 | D        | Reached skill level 15 in Conjurations
    46 | D        | Reached skill level 15 in Air Magic
    46 | D        | Noticed a destroyer
    46 | D        | Noticed a destroyer
    47 | D        | Reached skill level 15 in Fire Magic
    47 | D        | Reached skill level 15 in Ice Magic
    47 | D        | Reached skill level 15 in Earth Magic
    47 | D        | Reached skill level 15 in Poison Magic
    47 | D        | Noticed a large bag of meat
    47 | D        | Annihilated by a destroyer
    48 | D        | Reached XP level 20. HP: -77/118 MP: 5/52
    48 | D        | Noticed a destroyer
    48 | D        | Reached ****** piety under Makhleb
    48 | D        | Killed a destroyer
    48 | D        | Killed a destroyer
    49 | D        | Reached XP level 21. HP: 122/122 MP: 47/53
    52 | D        | Reached XP level 22. HP: 127/127 MP: 48/54
    53 | D        | Reached skill level 27 in Hexes
    56 | D        | Noticed a large bag of meat
    57 | D        | Reached XP level 23. HP: 67/131 MP: 39/55
    57 | D        | Noticed a tyrant
    57 | D        | Noticed an accursed
    58 | D        | Killed a large bag of meat
    58 | D        | Noticed a large bag of meat
    59 | D        | Reached XP level 24. HP: 34/136 MP: 34/55
    59 | D        | Killed a destroyer
    60 | D        | Reached skill level 27 in Transmutations
    60 | D        | Reached skill level 27 in Evocations
    60 | D        | Killed a large bag of meat
    61 | D        | Killed a destroyer
    61 | D        | Noticed The Servant
    61 | D        | Annihilated by a sculptor of flesh
    61 | D        | Noticed a destroyer
    62 | D        | Reached XP level 23. HP: -34/131 MP: 20/55
    62 | D        | Reached skill level 27 in Summonings
    62 | D        | Reached skill level 27 in Necromancy
    62 | D        | Reached skill level 27 in Invocations
    62 | D        | Reached XP level 24. HP: 136/136 MP: 55/55
    62 | D        | Noticed an accursed
    62 | D        | Noticed a destroyer
    62 | D        | Noticed a tyrant
    62 | D        | Noticed a destroyer
    62 | D        | Noticed a tyrant
    62 | D        | Killed a destroyer
    62 | D        | Killed a destroyer
    62 | D        | Killed an accursed
    63 | D        | Reached skill level 27 in Conjurations
    63 | D        | Reached skill level 27 in Fire Magic
    63 | D        | Reached skill level 27 in Ice Magic
    63 | D        | Reached skill level 27 in Air Magic
    63 | D        | Reached skill level 27 in Earth Magic
    63 | D        | Reached skill level 27 in Poison Magic
    63 | D        | Reached XP level 25. HP: 111/140 MP: 50/55
    63 | D        | Killed a tyrant
    63 | D        | Killed a tyrant
    63 | D        | Noticed a tyrant
    63 | D        | Noticed a tyrant
    64 | D        | Reached XP level 26. HP: 145/145 MP: 45/55
    64 | D        | Killed a tyrant
    65 | D        | Killed a tyrant
    66 | D        | Reached XP level 27. HP: 149/149 MP: 35/55
    66 | D        | Noticed a meat beast
    66 | D        | Killed a meat beast
    66 | D        | Noticed a meat beast
    67 | D        | Noticed a dread
    67 | D        | Killed a meat beast
    67 | D        | Killed a dread
    70 | D        | Noticed a destroyer
    71 | D        | Killed a destroyer
    71 | D        | Noticed a dread
    72 | D        | Noticed a dread
    72 | D        | Killed a dread
    72 | D        | Killed a dread
    75 | D        | Noticed a destroyer
    76 | D        | Killed a destroyer
    76 | D        | Noticed a large bag of meat
    78 | D        | Killed a large bag of meat
    79 | D        | Noticed a meat beast
    80 | D        | Killed a meat beast
    80 | D        | Killed a destroyer
    80 | D        | Noticed a meat beast
    80 | D        | Noticed a dread
    81 | D        | Noticed a large bag of meat
    82 | D        | Killed a meat beast
    82 | D        | Noticed a destroyer
    84 | D        | Noticed a tyrant
    84 | D        | Noticed a tyrant
    85 | D        | Noticed a meat beast
    87 | D        | Killed a destroyer
    90 | D        | Killed a meat beast
    90 | D        | Noticed a meat beast
    91 | D        | Killed a large bag of meat
    91 | D        | Noticed a meat beast
    93 | D        | Killed a dread
    93 | D        | Noticed a large bag of meat
    96 | D        | Killed a meat beast
   101 | D        | Killed a tyrant
   105 | D        | Killed a large bag of meat
   107 | D        | Killed a meat beast
   111 | D        | Killed a destroyer
   113 | D        | Killed an accursed
   113 | D        | Engulfed by a cloud of flame
   114 | D        | Noticed an accursed
   114 | D        | Noticed an accursed
   114 | D        | Noticed a large bag of meat
   114 | D        | Noticed a dread
   114 | D        | Noticed a tyrant
   114 | D        | Noticed a tyrant
   114 | D        | Killed a tyrant
   114 | D        | Killed a dread
   114 | D        | Killed a destroyer
   114 | D        | Noticed a dread
   114 | D        | Killed a large bag of meat
   115 | D        | Killed a dread
   115 | D        | Killed a tyrant
   115 | D        | Killed a large bag of meat
   115 | D        | Noticed an accursed
   115 | D        | Noticed a tyrant
   116 | D        | Killed a tyrant
   116 | D        | Noticed a tyrant
   117 | D        | Killed an accursed
   117 | D        | Killed a tyrant
   117 | D        | Noticed a meat beast
   117 | D        | Noticed a meat beast
   118 | D        | Killed an accursed
   119 | D        | Killed a meat beast
   119 | D        | Killed a meat beast
   119 | D        | Noticed a meat beast
   120 | D        | Noticed a fleshlord
   120 | D        | Killed an accursed
   120 | D        | Killed a meat beast
   120 | D        | Noticed a fleshlord
   120 | D        | Noticed a meat beast
   120 | D        | Noticed a dread
   121 | D        | Noticed a tyrant
   121 | D        | Noticed a dread
   122 | D        | Killed a dread
   122 | D        | Killed a fleshlord
   122 | D        | Noticed a large bag of meat
   123 | D        | Killed a large bag of meat
   123 | D        | Killed a meat beast
   123 | D        | Killed a tyrant
   123 | D        | Noticed a meat beast
   123 | D        | Noticed a large bag of meat
   124 | D        | Killed a fleshlord
   124 | D        | Noticed a tyrant
   125 | D        | Noticed a meat beast
   125 | D        | Noticed a destroyer
   125 | D        | Noticed a meat beast
   126 | D        | Noticed a tyrant
   126 | D        | Noticed a dread
   127 | D        | Noticed a destroyer
   127 | D        | Noticed a large bag of meat
   128 | D        | Killed a tyrant
   129 | D        | Noticed a meat beast
   129 | D        | Killed a meat beast
   130 | D        | Killed a destroyer
   131 | D        | Noticed a tyrant
   132 | D        | Noticed a fleshlord
   132 | D        | Noticed a fleshlord
   132 | D        | Noticed a fleshlord
   134 | D        | Noticed a meat beast
   135 | D        | Killed a tyrant
   136 | D        | Noticed a tyrant
   137 | D        | Killed a fleshlord
   138 | D        | Noticed a destroyer
   140 | D        | Noticed a fleshlord
   141 | D        | Noticed a fleshlord
   141 | D        | Killed a meat beast
   142 | D        | Killed a dread
   142 | D        | Noticed a fleshlord
   143 | D        | Killed a meat beast
   143 | D        | Killed from afar by a wretched soul
   144 | D        | Noticed a dread
   144 | D        | Noticed a fleshlord
   144 | D        | Noticed a dread
   144 | D        | Noticed a fleshlord
   144 | D        | Killed a dread
   144 | D        | Killed a destroyer
   144 | D        | Killed a dread
   144 | D        | Killed a fleshlord
   144 | D        | Noticed a destroyer
   147 | D        | Noticed a meat beast
   148 | D        | Killed a fleshlord
   148 | D        | Killed a fleshlord
   148 | D        | Killed a meat beast
   149 | D        | Noticed a fleshlord
   150 | D        | Killed a fleshlord
   150 | D        | Noticed a fleshlord
   151 | D        | Killed a fleshlord
   152 | D        | Killed a destroyer
   152 | D        | Killed a tyrant
   153 | D        | Noticed a fleshlord
   154 | D        | Killed a fleshlord
   154 | D        | Killed a destroyer
   154 | D        | Noticed a fleshlord
   155 | D        | Noticed a fleshlord
   156 | D        | Killed a fleshlord
   156 | D        | Noticed a fleshlord
   156 | D        | Noticed a dread
   157 | D        | Killed a meat beast
   157 | D        | Killed a dread
   157 | D        | Noticed a fleshlord
   159 | D        | Killed a fleshlord
   159 | D        | Killed a fleshlord
   159 | D        | Noticed a dread
   160 | D        | Noticed The Meatlord
   161 | D        | Killed a meat beast
   162 | D        | Noticed an accursed
   163 | D        | Noticed a dread
   163 | D        | Killed an accursed
   164 | D        | Killed The Meatlord
   164 | D        | Killed a tyrant
   164 | D        | Noticed a destroyer
   165 | D        | Got the Orb of Zot
   165 | D        | Noticed a tyrant
   166 | D        | Noticed a destroyer
   166 | D        | Demolished by a destroyer
   167 | D        | Noticed a dread
   168 | D        | Killed a dread
   168 | D        | Killed a destroyer
   168 | D        | Killed a destroyer
   168 | D        | Noticed a destroyer
   169 | D        | Killed a fleshlord
   170 | D        | Noticed a tyrant
   170 | D        | Noticed an accursed
   171 | D        | Killed a tyrant
   172 | D        | Noticed a dread
   172 | D        | Noticed a meat beast
   176 | D        | Killed a meat beast
   176 | D        | Killed a dread
   176 | D        | Noticed a fleshlord
   176 | D        | Killed a large bag of meat
   177 | D        | Killed a fleshlord
   177 | D        | Killed a dread
   178 | D        | Killed a dread
   178 | D        | Killed a fleshlord
   179 | D        | Killed a destroyer
   179 | D        | Killed a tyrant
   180 | D        | Killed a destroyer
   180 | D        | Noticed a dread
   181 | D        | Killed a dread
   181 | D        | Noticed a dread
   182 | D        | Noticed a fleshlord
   185 | D        | Noticed a dread
   185 | D        | Killed a dread
   186 | D        | Noticed a meat beast
   187 | D        | Killed a fleshlord
   188 | D        | Noticed a tyrant
   188 | D        | Noticed The Defiler
   189 | D        | Noticed a tyrant
   190 | D        | Noticed a fleshlord
   190 | D        | Noticed a fleshlord
   192 | D        | Killed a dread
   195 | D        | Killed from afar by a tyrant
   196 | D        | Killed a dread
   196 | D        | Killed a tyrant
   196 | D        | Noticed a dread
   197 | D        | Killed a dread
   198 | D        | Killed a tyrant
   198 | D        | Killed a fleshlord
   199 | D        | Noticed a fleshlord
   202 | D        | Killed a tyrant
   203 | D        | Killed a meat beast
   204 | D        | Killed a fleshlord
   204 | D        | Noticed a dread
   204 | D        | Noticed a fleshlord
   205 | D        | Killed a dread
   207 | D        | Killed a fleshlord
   208 | D        | Noticed The Captor
   208 | D        | Noticed a dread
   211 | D        | Noticed a dread
   214 | D        | Noticed a fleshlord
   214 | D        | HP: 2/149 [accursed/divine providence (12)]
   214 | D        | Killed from afar by an observer
   216 | D        | Killed a fleshlord
   216 | D        | Noticed a destroyer
   219 | D        | Killed The Defiler
   220 | D        | Killed an accursed
   221 | D        | Killed a fleshlord
   221 | D        | Killed a dread
   221 | D        | Noticed a destroyer
   222 | D        | Killed a destroyer
   223 | D        | Noticed a fleshlord
   223 | D        | Noticed a vile
   223 | D        | Killed a fleshlord
   223 | D        | Killed a destroyer
   223 | D        | Noticed a tyrant
   225 | D        | Killed The Captor
   225 | D        | Noticed a fleshlord
   226 | D        | Killed a vile
   228 | D        | Noticed a fleshlord
   228 | D        | Noticed a destroyer
   228 | D        | Noticed a vile
   228 | D        | Noticed a fleshlord
   228 | D        | Noticed a fleshlord
   228 | D        | Noticed a fleshlord
   228 | D        | Noticed a vile
   228 | D        | Killed from afar by a wretched soul

Illustrated notes

Levels and vault maps discovered:
D:        meatsprint

Skill      XL: |  1  2  3  4  5  6  7  8  9 10 11 12 13 14 15 16 17 18 19 20 21 22 23 24 |
---------------+-------------------------------------------------------------------------+-----
Stealth        | 27 | 27.0
Unarmed Combat | 18 23 27 | 27.0
Fighting       | 18 27 | 27.0
Translocations | 19 27 | 27.0
Dodging        | 15 27 | 27.0
Spellcasting   | 11 22 26 27 | 27.0
Conjurations   | 8 11 17 18 21 25 27 | 27.0
Hexes          | 13 17 25 26 27 | 27.0
Summonings     | 9 12 19 20 23 27 26 | 27.0
Necromancy     | 9 12 19 20 23 27 26 | 27.0
Transmutations | 10 13 20 21 24 26 27 | 27.0
Fire Magic     | 8 11 17 18 21 25 27 | 27.0
Ice Magic      | 8 11 17 18 21 25 27 | 27.0
Air Magic      | 8 11 17 18 21 25 27 | 27.0
Earth Magic    | 8 11 17 18 21 25 27 | 27.0
Poison Magic   | 8 11 17 18 21 25 27 | 27.0
Invocations    | 9 12 19 20 23 27 26 | 27.0
Evocations     | 10 13 20 21 24 26 27 | 27.0

Action                   |  1- 3 |  4- 6 |  7- 9 | 10-12 | 13-15 | 16-18 | 19-21 | 22-24 | 25-27 || total
-------------------------+-------+-------+-------+-------+-------+-------+-------+-------+-------++-------
Melee: Unarmed           |     1 |       |       |     1 |     3 |     9 |    14 |    28 |   329 ||   385
       Bite              |       |       |       |       |       |       |       |     1 |       ||     1
 Cast: Manifold Assault  |       |       |       |       |     1 |     2 |     1 |     7 |    76 ||    87
  Use: Potion            |       |       |       |     1 |       |       |       |       |     2 ||     3
       Scroll            |       |       |       |       |       |       |       |       |     1 ||     1
Armor: Skin              |       |       |       |       |       |       |       |       |     1 ||     1
Dodge: Dodged            |       |       |       |     1 |       |       |       |     2 |    45 ||    48

Table legend: (Time is in decaauts)
 A = Elapsed time spent in this place.
 B = Non-inter-level travel time spent in this place.
 C = Inter-level travel time spent in this place.
 D = Time resting spent in this place.
 E = Time spent auto-exploring this place.
 F = Levels seen in this place.
 G = Mean time per level.
                   A        B        C        D        E       F      G
               +--------+--------+--------+--------+--------+-----+--------+
         Total |    135 |    135 |      0 |      0 |      0 |   1 |  135.0 |
       Dungeon |    135 |    135 |      0 |      0 |      0 |   1 |  135.0 |
               +--------+--------+--------+--------+--------+-----+--------+

Top non-repeatable levels by time:
       D: 135 daAuts
